 Dungeon Crawl Stone Soup version 0.23-a0-635-g88ca12a7de (webtiles) character file.

284 GordonOverkill the Chopper (level 5, -1/42 HPs)
             Began as a Demigod Wanderer on Dec 27, 2018.
             Slain by a hound zombie (2 damage)
             ... on level 6 of the Dungeon.
             The game lasted 00:05:28 (2595 turns).

GordonOverkill the Chopper (Demigod Wanderer)       Turns: 2595, Time: 00:05:28

Health: -1/42      AC:  8    Str: 20    XL:     5   Next: 79%
Magic:  10/10      EV:  9    Int: 16    God:
Gold:   88         SH:  0    Dex: 17    Spells: 6/7 levels left

rFire    . . .     SeeInvis .   b - +0 hand axe
rCold    . . .     Gourm    .   (no shield)
rNeg     . . .     Faith    .   i - +0 chain mail
rPois    .         Spirit   .   (no helmet)
rElec    .         Reflect  .   (no cloak)
rCorr    .         Harm     .   (no gloves)
MR       .....                  (no boots)
Stlth    ..........             (no amulet)
HPRegen  0.14/turn              (no ring)
MPRegen  0.12/turn              (no ring)

@: mighty, lethally poisoned (-1 -> -6)
A: high mp 1
a: no special abilities


You were on level 6 of the Dungeon.
You were hungry.

You visited 1 branch of the dungeon, and saw 4 of its levels.

You collected 88 gold pieces.

Inventory:

Hand Weapons
 b - a +0 hand axe (weapon)
Armour
 i - a +0 chain mail (worn)
 l - a +0 plate armour
Jewellery
 m - an uncursed ring of resist corrosion {unknown}
Scrolls
 d - a scroll of fear
 g - a scroll of remove curse
 r - a scroll of identify
Potions
 e - 2 potions of brilliance
 k - a potion of haste
Comestibles
 a - a chunk of flesh
 f - 7 rations


   Skills:
 + Level 2.6 Fighting
 * Level 3.1(3.2) Axes
   Level 1.0(2.1) Polearms
 + Level 2.2 Armour
 + Level 2.5 Dodging
   Level 1.7 Shields
 - Level 1.7 Spellcasting
 - Level 2.6 Air Magic


You had 6 spell levels left.
You knew the following spells:

 Your Spells              Type           Power        Failure   Level  Hunger
a - Shock                 Conj/Air       #...         80%         1    ##.....

Your spell library contained the following spells:

 Spells                   Type           Power        Failure   Level  Hunger
 Swiftness                Chrm/Air       #.......     90%         2    ###....
 Passwall                 Tmut/Erth      #.......     98%         2    ###....
 Sticks to Snakes         Tmut           #.......     98%         2    ###....
 Static Discharge         Conj/Air       #.......     99%         3    ####...
 Airstrike                Air            ##........   100%        4    #####..
 Lightning Bolt           Conj/Air       #.........   100%        5    ######.


Dungeon Overview and Level Annotations

Branches:
Dungeon (3/15)


Innate Abilities, Weirdness & Mutations

You have an increased reservoir of magic. (+10% MP)


Message History

Found 7 gold pieces.
A leopard gecko comes into view.
The hound zombie bites you but does no damage.
The worker ant barely misses you. The worker ant bites you.
* * * LOW HITPOINT WARNING * * *
You are lethally poisoned!
The worker ant poisons you!
The leopard gecko bites you but does no damage.
Found a scroll labeled PEAPOVVIPEC.
* * * LOW HITPOINT WARNING * * *
You feel sick. The worker ant barely misses you.
The hound zombie bites you but does no damage.
It was a potion of might.
You feel very mighty all of a sudden.
* * * LOW HITPOINT WARNING * * *
You feel sick. The worker ant bites you.
* * * LOW HITPOINT WARNING * * *
The leopard gecko misses you. The hound zombie bites you.
You die...

#....# #.# .# ####.# #o#
.# #.# #.# Z# #.# #.#
##.#### #o# #.# #......
# #.# #.# #....# #.###Y#
#.######..?.#
#.#...Za###...o.......#
#.....l@.#########.####
#..........# #.# #
#........#.#... #F# #.
#...$....#.#....##.###.#
?.......... .F....>.Y.F#
###.#######.#.####.....#
... .# ###....Y## .. #
........... ####.....##


You could see an ice beast, a worker ant, an orc, a hound zombie and a leopard
gecko.

Vanquished Creatures
  A bullfrog (D:6)
  A crimson imp (D:6)
  2 hounds (D:6)
  A worker ant (D:2)
  4 adders
  An ooze (D:2)
  A dart slug (D:2)
  2 leopard geckos
  A giant cockroach (D:3)
  7 goblins
  8 hobgoblins
  5 jackals
  6 kobolds
  2 quokkas (D:3)
  2 ball pythons (D:2)
  3 bats
  3 frilled lizards (D:3)
  7 rats
57 creatures vanquished.

Notes
Turn   | Place    | Note
-------+----------+-------------------------------------------
     0 | D:1      | GordonOverkill the Demigod Wanderer began the quest for the
                  | Orb.
     0 | D:1      | GordonOverkill set off with the following items: a potion
                  | of curing, a +0 robe, a +0 dagger, a ration; and the
                  | following spell memorised: Shock; and the following spells
                  | available to memorise: Swiftness, Passwall, Sticks to
                  | Snakes, Static Discharge, Airstrike, Lightning Bolt
     0 | D:1      | Reached XP level 1. HP: 16/16 MP: 5/5
   215 | D:1      | Reached XP level 2. HP: 23/23 MP: 7/7
   670 | D:1      | Reached skill level 1 in Armour
   837 | D:2      | Reached skill level 1 in Axes
  1016 | D:2      | Found a snail-covered altar of Cheibriados.
  1056 | D:2      | Reached XP level 3. HP: 16/28 MP: 8/8
  1203 | D:2      | Found a glowing silver altar of Zin.
  1203 | D:2      | Found an opulent altar of Gozag.
  1788 | D:2      | Reached XP level 4. HP: 36/36 MP: 9/9
  2115 | D:3      | Reached skill level 2 in Axes
  2476 | D:3      | You fall through a shaft for 3 floors!
  2477 | D:6      | Noticed an ice beast
  2484 | D:6      | Noticed a bullfrog
  2493 | D:6      | Noticed a bullfrog
  2545 | D:6      | Reached XP level 5. HP: 21/42 MP: 10/10
  2567 | D:6      | Reached skill level 3 in Axes
  2595 | D:6      | HP: 1/42 [worker ant (4)]
  2595 | D:6      | Slain by a hound zombie

Vault maps used:
D:1:      dpeg_arrival_shrine, minmay_tromino_v2
D:2:      grunt_temple_overflow_gold_and_silver, solitary_fountain,
          kennysheep_slug_shrine
D:3:      minivault_4
D:6:      serial_shops, kennysheep_mini_moat, minivault_24

Skill      XL: |  1  2  3  4  5 |
---------------+----------------+-----
Armour         | 1 2 |  2.2
Axes           | 1 2 3 |  3.1
Fighting       | 2 |  2.6
Dodging        | 2 |  2.5
Polearms       | |  1.0
Shields        | |  1.7
Spellcasting   | |  1.7
Air Magic      | |  2.6

Action                   |  1- 3 |  4- 6 || total
-------------------------+-------+-------++-------
Melee: Dagger            |    13 |       ||    13
       Hand axe          |   110 |   123 ||   233
 Cast: Shock             |     5 |       ||     5
  Use: Scroll            |     2 |     4 ||     6
       Potion            |     1 |     7 ||     8
  Eat: Chunk             |     3 |     2 ||     5
Armor: Leather armour    |     7 |       ||     7
       Chain mail        |    58 |   101 ||   159
       Skin              |       |    21 ||    21
Dodge: Dodged            |    60 |    78 ||   138

Table legend:
 A = Non-vault XP
 B = Vault XP
 C = Vault XP percentage of total XP
 D = Non-vault monster count
 E = Vault monster count
 F = Vault count percentage of total count
                 A         B        C        D         E       F
            +---------+---------+-------+---------+---------+-------
      Total |     400 |       7 |   1.7 |      55 |       2 |   3.5
            +---------+---------+-------+---------+---------+-------
        D:1 |      27 |       3 |  10.0 |      16 |       1 |   5.9
        D:2 |      88 |       4 |   4.3 |      18 |       1 |   5.3
        D:3 |      52 |       0 |   0.0 |      17 |       0 |   0.0
        D:6 |     233 |       0 |   0.0 |       4 |       0 |   0.0
            +---------+---------+-------+---------+---------+-------
